Workbook

Sheet Anleitung
B2: Einnahmen-Ausgaben-Rechnung – Excel-Vorlage 2026
B3: Kostenlos von steuerpedia.at – Nettomethode, Österreich
B5: So funktioniert die Vorlage
B6: 1. Blatt „Auswertung“: Oben das Jahr eintragen (Feld C3). Alle Summen und die Abschreibung beziehen sich auf dieses Jahr.
B7: 2. Blatt „Journal“: Jede Zahlung in eine Zeile – Datum ist der Tag, an dem das Geld zu- bzw. abgeflossen ist (Zufluss-Abfluss-Prinzip), nicht das Rechnungsdatum.
B8: Bruttobetrag und Steuersatz eintragen – Nettobetrag und Umsatzsteuer/Vorsteuer rechnet die Vorlage selbst aus. Kleinunternehmer ohne USt wählen 0 %.
B9: 3. Anschaffungen von Anlagegütern (über 1.000 € netto): Im Journal mit der Kategorie „Anlagenkauf“ erfassen und zusätzlich im Blatt „Anlagenverzeichnis“ eintragen –
B10: die jährliche Abschreibung (AfA) wird dort berechnet und in der Auswertung als Ausgabe berücksichtigt. Güter bis 1.000 € netto: Kategorie „Geringwertiges Wirtschaftsgut“, sofort absetzbar.
B11: 4. Blatt „Wareneingangsbuch“: Nur für Gewerbetreibende, die Waren, Rohstoffe oder Zutaten zum Weiterverkauf/Verarbeiten einkaufen.
B12: 5. Blatt „Auswertung“ zeigt je Monat Einnahmen, Ausgaben, Überschuss und die Umsatzsteuer-Zahllast (Hilfe für die Voranmeldung) sowie den Jahresgewinn.
B14: Gelb hinterlegte Felder trägst du ein, blau hinterlegte Felder rechnet die Vorlage selbst. Formeln bitte nicht überschreiben.
B16: Wichtige Regeln in Kürze
... B28: Passenden Steuerberater finden: https://steuerpedia.at/suche

Sheet Auswertung
B1: Auswertung
B3: Jahr: | C3: 2026 | D3: ← hier das Jahr ändern
B5: Monat | C5: Einnahmen netto | D5: Ausgaben netto | E5: Überschuss | F5: Umsatzsteuer | G5: Vorsteuer | H5: USt-Zahllast (+) / Guthaben (–)
B6: Jänner | C6: =SUMIFS(Journal!$K$6:$K$505,Journal!$M$6:$M$505,1,Journal!$N$6:$N$505,$C$3) | D6: =SUMIFS(Journal!$L$6:$L$505,Journal!$M$6:$M$505,1,Journal!$N$6:$N$505,$C$3) | E6: =C6-D6 | F6: =SUMIFS(Journal!$J$6:$J$505,Journal!$E$6:$E$505,"Einnahme",Journal!$F$6:$F$505,"<>USt-Zahllast/-Gutschrift (nicht ergebniswirksam)",Journal!$M$6:$M$505,1,Journal!$N$6:$N$505,$C$3) | G6: =SUMIFS(Journal!$J$6:$J$505,Journal!$E$6:$E$505,"Ausgabe",Journal!$F$6:$F$505,"<>USt-Zahllast/-Gutschrift (nicht ergebniswirksam)",Journal!$M$6:$M$505,1,Journal!$N$6:$N$505,$C$3) | H6: =F6-G6
B7: Februar | C7: =SUMIFS(Journal!$K$6:$K$505,Journal!$M$6:$M$505,2,Journal!$N$6:$N$505,$C$3) | D7: =SUMIFS(Journal!$L$6:$L$505,Journal!$M$6:$M$505,2,Journal!$N$6:$N$505,$C$3) | E7: =C7-D7 | F7: =SUMIFS(Journal!$J$6:$J$505,Journal!$E$6:$E$505,"Einnahme",Journal!$F$6:$F$505,"<>USt-Zahllast/-Gutschrift (nicht ergebniswirksam)",Journal!$M$6:$M$505,2,Journal!$N$6:$N$505,$C$3) | G7: =SUMIFS(Journal!$J$6:$J$505,Journal!$E$6:$E$505,"Ausgabe",Journal!$F$6:$F$505,"<>USt-Zahllast/-Gutschrift (nicht ergebniswirksam)",Journal!$M$6:$M$505,2,Journal!$N$6:$N$505,$C$3) | H7: =F7-G7
B8: März | C8: =SUMIFS(Journal!$K$6:$K$505,Journal!$M$6:$M$505,3,Journal!$N$6:$N$505,$C$3) | D8: =SUMIFS(Journal!$L$6:$L$505,Journal!$M$6:$M$505,3,Journal!$N$6:$N$505,$C$3) | E8: =C8-D8 | F8: =SUMIFS(Journal!$J$6:$J$505,Journal!$E$6:$E$505,"Einnahme",Journal!$F$6:$F$505,"<>USt-Zahllast/-Gutschrift (nicht ergebniswirksam)",Journal!$M$6:$M$505,3,Journal!$N$6:$N$505,$C$3) | G8: =SUMIFS(Journal!$J$6:$J$505,Journal!$E$6:$E$505,"Ausgabe",Journal!$F$6:$F$505,"<>USt-Zahllast/-Gutschrift (nicht ergebniswirksam)",Journal!$M$6:$M$505,3,Journal!$N$6:$N$505,$C$3) | H8: =F8-G8
B9: April | C9: =SUMIFS(Journal!$K$6:$K$505,Journal!$M$6:$M$505,4,Journal!$N$6:$N$505,$C$3) | D9: =SUMIFS(Journal!$L$6:$L$505,Journal!$M$6:$M$505,4,Journal!$N$6:$N$505,$C$3) | E9: =C9-D9 | F9: =SUMIFS(Journal!$J$6:$J$505,Journal!$E$6:$E$505,"Einnahme",Journal!$F$6:$F$505,"<>USt-Zahllast/-Gutschrift (nicht ergebniswirksam)",Journal!$M$6:$M$505,4,Journal!$N$6:$N$505,$C$3) | G9: =SUMIFS(Journal!$J$6:$J$505,Journal!$E$6:$E$505,"Ausgabe",Journal!$F$6:$F$505,"<>USt-Zahllast/-Gutschrift (nicht ergebniswirksam)",Journal!$M$6:$M$505,4,Journal!$N$6:$N$505,$C$3) | H9: =F9-G9
B10: Mai | C10: =SUMIFS(Journal!$K$6:$K$505,Journal!$M$6:$M$505,5,Journal!$N$6:$N$505,$C$3) | D10: =SUMIFS(Journal!$L$6:$L$505,Journal!$M$6:$M$505,5,Journal!$N$6:$N$505,$C$3) | E10: =C10-D10 | F10: =SUMIFS(Journal!$J$6:$J$505,Journal!$E$6:$E$505,"Einnahme",Journal!$F$6:$F$505,"<>USt-Zahllast/-Gutschrift (nicht ergebniswirksam)",Journal!$M$6:$M$505,5,Journal!$N$6:$N$505,$C$3) | G10: =SUMIFS(Journal!$J$6:$J$505,Journal!$E$6:$E$505,"Ausgabe",Journal!$F$6:$F$505,"<>USt-Zahllast/-Gutschrift (nicht ergebniswirksam)",Journal!$M$6:$M$505,5,Journal!$N$6:$N$505,$C$3) | H10: =F10-G10
B11: Juni | C11: =SUMIFS(Journal!$K$6:$K$505,Journal!$M$6:$M$505,6,Journal!$N$6:$N$505,$C$3) | D11: =SUMIFS(Journal!$L$6:$L$505,Journal!$M$6:$M$505,6,Journal!$N$6:$N$505,$C$3) | E11: =C11-D11 | F11: =SUMIFS(Journal!$J$6:$J$505,Journal!$E$6:$E$505,"Einnahme",Journal!$F$6:$F$505,"<>USt-Zahllast/-Gutschrift (nicht ergebniswirksam)",Journal!$M$6:$M$505,6,Journal!$N$6:$N$505,$C$3) | G11: =SUMIFS(Journal!$J$6:$J$505,Journal!$E$6:$E$505,"Ausgabe",Journal!$F$6:$F$505,"<>USt-Zahllast/-Gutschrift (nicht ergebniswirksam)",Journal!$M$6:$M$505,6,Journal!$N$6:$N$505,$C$3) | H11: =F11-G11
B12: Juli | C12: =SUMIFS(Journal!$K$6:$K$505,Journal!$M$6:$M$505,7,Journal!$N$6:$N$505,$C$3) | D12: =SUMIFS(Journal!$L$6:$L$505,Journal!$M$6:$M$505,7,Journal!$N$6:$N$505,$C$3) | E12: =C12-D12 | F12: =SUMIFS(Journal!$J$6:$J$505,Journal!$E$6:$E$505,"Einnahme",Journal!$F$6:$F$505,"<>USt-Zahllast/-Gutschrift (nicht ergebniswirksam)",Journal!$M$6:$M$505,7,Journal!$N$6:$N$505,$C$3) | G12: =SUMIFS(Journal!$J$6:$J$505,Journal!$E$6:$E$505,"Ausgabe",Journal!$F$6:$F$505,"<>USt-Zahllast/-Gutschrift (nicht ergebniswirksam)",Journal!$M$6:$M$505,7,Journal!$N$6:$N$505,$C$3) | H12: =F12-G12
B13: August | C13: =SUMIFS(Journal!$K$6:$K$505,Journal!$M$6:$M$505,8,Journal!$N$6:$N$505,$C$3) | D13: =SUMIFS(Journal!$L$6:$L$505,Journal!$M$6:$M$505,8,Journal!$N$6:$N$505,$C$3) | E13: =C13-D13 | F13: =SUMIFS(Journal!$J$6:$J$505,Journal!$E$6:$E$505,"Einnahme",Journal!$F$6:$F$505,"<>USt-Zahllast/-Gutschrift (nicht ergebniswirksam)",Journal!$M$6:$M$505,8,Journal!$N$6:$N$505,$C$3) | G13: =SUMIFS(Journal!$J$6:$J$505,Journal!$E$6:$E$505,"Ausgabe",Journal!$F$6:$F$505,"<>USt-Zahllast/-Gutschrift (nicht ergebniswirksam)",Journal!$M$6:$M$505,8,Journal!$N$6:$N$505,$C$3) | H13: =F13-G13
B14: September | C14: =SUMIFS(Journal!$K$6:$K$505,Journal!$M$6:$M$505,9,Journal!$N$6:$N$505,$C$3) | D14: =SUMIFS(Journal!$L$6:$L$505,Journal!$M$6:$M$505,9,Journal!$N$6:$N$505,$C$3) | E14: =C14-D14 | F14: =SUMIFS(Journal!$J$6:$J$505,Journal!$E$6:$E$505,"Einnahme",Journal!$F$6:$F$505,"<>USt-Zahllast/-Gutschrift (nicht ergebniswirksam)",Journal!$M$6:$M$505,9,Journal!$N$6:$N$505,$C$3) | G14: =SUMIFS(Journal!$J$6:$J$505,Journal!$E$6:$E$505,"Ausgabe",Journal!$F$6:$F$505,"<>USt-Zahllast/-Gutschrift (nicht ergebniswirksam)",Journal!$M$6:$M$505,9,Journal!$N$6:$N$505,$C$3) | H14: =F14-G14
B15: Oktober | C15: =SUMIFS(Journal!$K$6:$K$505,Journal!$M$6:$M$505,10,Journal!$N$6:$N$505,$C$3) | D15: =SUMIFS(Journal!$L$6:$L$505,Journal!$M$6:$M$505,10,Journal!$N$6:$N$505,$C$3) | E15: =C15-D15 | F15: =SUMIFS(Journal!$J$6:$J$505,Journal!$E$6:$E$505,"Einnahme",Journal!$F$6:$F$505,"<>USt-Zahllast/-Gutschrift (nicht ergebniswirksam)",Journal!$M$6:$M$505,10,Journal!$N$6:$N$505,$C$3) | G15: =SUMIFS(Journal!$J$6:$J$505,Journal!$E$6:$E$505,"Ausgabe",Journal!$F$6:$F$505,"<>USt-Zahllast/-Gutschrift (nicht ergebniswirksam)",Journal!$M$6:$M$505,10,Journal!$N$6:$N$505,$C$3) | H15: =F15-G15
B16: November | C16: =SUMIFS(Journal!$K$6:$K$505,Journal!$M$6:$M$505,11,Journal!$N$6:$N$505,$C$3) | D16: =SUMIFS(Journal!$L$6:$L$505,Journal!$M$6:$M$505,11,Journal!$N$6:$N$505,$C$3) | E16: =C16-D16 | F16: =SUMIFS(Journal!$J$6:$J$505,Journal!$E$6:$E$505,"Einnahme",Journal!$F$6:$F$505,"<>USt-Zahllast/-Gutschrift (nicht ergebniswirksam)",Journal!$M$6:$M$505,11,Journal!$N$6:$N$505,$C$3) | G16: =SUMIFS(Journal!$J$6:$J$505,Journal!$E$6:$E$505,"Ausgabe",Journal!$F$6:$F$505,"<>USt-Zahllast/-Gutschrift (nicht ergebniswirksam)",Journal!$M$6:$M$505,11,Journal!$N$6:$N$505,$C$3) | H16: =F16-G16
B17: Dezember | C17: =SUMIFS(Journal!$K$6:$K$505,Journal!$M$6:$M$505,12,Journal!$N$6:$N$505,$C$3) | D17: =SUMIFS(Journal!$L$6:$L$505,Journal!$M$6:$M$505,12,Journal!$N$6:$N$505,$C$3) | E17: =C17-D17 | F17: =SUMIFS(Journal!$J$6:$J$505,Journal!$E$6:$E$505,"Einnahme",Journal!$F$6:$F$505,"<>USt-Zahllast/-Gutschrift (nicht ergebniswirksam)",Journal!$M$6:$M$505,12,Journal!$N$6:$N$505,$C$3) | G17: =SUMIFS(Journal!$J$6:$J$505,Journal!$E$6:$E$505,"Ausgabe",Journal!$F$6:$F$505,"<>USt-Zahllast/-Gutschrift (nicht ergebniswirksam)",Journal!$M$6:$M$505,12,Journal!$N$6:$N$505,$C$3) | H17: =F17-G17
B18: Summe Jahr | C18: =SUM(C6:C17) | D18: =SUM(D6:D17) | E18: =SUM(E6:E17) | F18: =SUM(F6:F17) | G18: =SUM(G6:G17) | H18: =SUM(H6:H17)
B21: Gewinnermittlung (§ 4 Abs. 3 EStG)
B22: Betriebseinnahmen netto | C22: =C18
B23: – Betriebsausgaben netto (ohne Anlagenkauf) | C23: =D18
B24: – Abschreibung (AfA) laut Anlagenverzeichnis | C24: =Anlagenverzeichnis!H4
B25: =Gewinn / Verlust | C25: =C22-C23-C24
B27: Hinweis: Gewinnfreibetrag, Sonderausgaben, Pauschalierungen und die tatsächliche Steuerberechnung sind hier nicht enthalten – das ist nur die Gewinnermittlung. Umsatzsteuer und Vorsteuer sind Rechenhilfen für die Voranmeldung, keine Meldung.

Sheet Journal
A1: Einnahmen-Ausgaben-Journal
A2: Jede Zahlung eine Zeile · Datum = Tag des Geldflusses · gelb = Eingabe, blau = Berechnung
K3: Summe Einnahmen | L3: Summe Ausgaben
K4: =SUM(K6:K505) | L4: =SUM(L6:L505)
A5: Nr. | B5: Datum (Zahlung) | C5: Beleg-Nr. | D5: Beschreibung | E5: Art | F5: Kategorie | G5: Betrag brutto | H5: USt-Satz | I5: Netto | J5: USt / Vorsteuer | K5: Einnahme netto | L5: Ausgabe netto | M5: Monat | N5: Jahr
A6: =IF(B6="","",ROW()-5) | I6: =IF(G6="","",ROUND(G6/(1+N(H6)),2)) | J6: =IF(G6="","",G6-I6) | K6: =IF(AND(G6<>"",E6="Einnahme",F6<>"USt-Zahllast/-Gutschrift (nicht ergebniswirksam)"),I6,"") | L6: =IF(AND(G6<>"",E6="Ausgabe",F6<>"Anlagenkauf (Abschreibung über Anlagenverzeichnis)",F6<>"USt-Zahllast/-Gutschrift (nicht ergebniswirksam)"),I6,"") | M6: =IF(B6="","",MONTH(B6)) | N6: =IF(B6="","",YEAR(B6))
A7: =IF(B7="","",ROW()-5) | I7: =IF(G7="","",ROUND(G7/(1+N(H7)),2)) | J7: =IF(G7="","",G7-I7) | K7: =IF(AND(G7<>"",E7="Einnahme",F7<>"USt-Zahllast/-Gutschrift (nicht ergebniswirksam)"),I7,"") | L7: =IF(AND(G7<>"",E7="Ausgabe",F7<>"Anlagenkauf (Abschreibung über Anlagenverzeichnis)",F7<>"USt-Zahllast/-Gutschrift (nicht ergebniswirksam)"),I7,"") | M7: =IF(B7="","",MONTH(B7)) | N7: =IF(B7="","",YEAR(B7))
A8: =IF(B8="","",ROW()-5) | I8: =IF(G8="","",ROUND(G8/(1+N(H8)),2)) | J8: =IF(G8="","",G8-I8) | K8: =IF(AND(G8<>"",E8="Einnahme",F8<>"USt-Zahllast/-Gutschrift (nicht ergebniswirksam)"),I8,"") | L8: =IF(AND(G8<>"",E8="Ausgabe",F8<>"Anlagenkauf (Abschreibung über Anlagenverzeichnis)",F8<>"USt-Zahllast/-Gutschrift (nicht ergebniswirksam)"),I8,"") | M8: =IF(B8="","",MONTH(B8)) | N8: =IF(B8="","",YEAR(B8))
A9: =IF(B9="","",ROW()-5) | I9: =IF(G9="","",ROUND(G9/(1+N(H9)),2)) | J9: =IF(G9="","",G9-I9) | K9: =IF(AND(G9<>"",E9="Einnahme",F9<>"USt-Zahllast/-Gutschrift (nicht ergebniswirksam)"),I9,"") | L9: =IF(AND(G9<>"",E9="Ausgabe",F9<>"Anlagenkauf (Abschreibung über Anlagenverzeichnis)",F9<>"USt-Zahllast/-Gutschrift (nicht ergebniswirksam)"),I9,"") | M9: =IF(B9="","",MONTH(B9)) | N9: =IF(B9="","",YEAR(B9))
A10: =IF(B10="","",ROW()-5) | I10: =IF(G10="","",ROUND(G10/(1+N(H10)),2)) | J10: =IF(G10="","",G10-I10) | K10: =IF(AND(G10<>"",E10="Einnahme",F10<>"USt-Zahllast/-Gutschrift (nicht ergebniswirksam)"),I10,"") | L10: =IF(AND(G10<>"",E10="Ausgabe",F10<>"Anlagenkauf (Abschreibung über Anlagenverzeichnis)",F10<>"USt-Zahllast/-Gutschrift (nicht ergebniswirksam)"),I10,"") | M10: =IF(B10="","",MONTH(B10)) | N10: =IF(B10="","",YEAR(B10))
A11: =IF(B11="","",ROW()-5) | I11: =IF(G11="","",ROUND(G11/(1+N(H11)),2)) | J11: =IF(G11="","",G11-I11) | K11: =IF(AND(G11<>"",E11="Einnahme",F11<>"USt-Zahllast/-Gutschrift (nicht ergebniswirksam)"),I11,"") | L11: =IF(AND(G11<>"",E11="Ausgabe",F11<>"Anlagenkauf (Abschreibung über Anlagenverzeichnis)",F11<>"USt-Zahllast/-Gutschrift (nicht ergebniswirksam)"),I11,"") | M11: =IF(B11="","",MONTH(B11)) | N11: =IF(B11="","",YEAR(B11))
A12: =IF(B12="","",ROW()-5) | I12: =IF(G12="","",ROUND(G12/(1+N(H12)),2)) | J12: =IF(G12="","",G12-I12) | K12: =IF(AND(G12<>"",E12="Einnahme",F12<>"USt-Zahllast/-Gutschrift (nicht ergebniswirksam)"),I12,"") | L12: =IF(AND(G12<>"",E12="Ausgabe",F12<>"Anlagenkauf (Abschreibung über Anlagenverzeichnis)",F12<>"USt-Zahllast/-Gutschrift (nicht ergebniswirksam)"),I12,"") | M12: =IF(B12="","",MONTH(B12)) | N12: =IF(B12="","",YEAR(B12))
A13: =IF(B13="","",ROW()-5) | I13: =IF(G13="","",ROUND(G13/(1+N(H13)),2)) | J13: =IF(G13="","",G13-I13) | K13: =IF(AND(G13<>"",E13="Einnahme",F13<>"USt-Zahllast/-Gutschrift (nicht ergebniswirksam)"),I13,"") | L13: =IF(AND(G13<>"",E13="Ausgabe",F13<>"Anlagenkauf (Abschreibung über Anlagenverzeichnis)",F13<>"USt-Zahllast/-Gutschrift (nicht ergebniswirksam)"),I13,"") | M13: =IF(B13="","",MONTH(B13)) | N13: =IF(B13="","",YEAR(B13))
A14: =IF(B14="","",ROW()-5) | I14: =IF(G14="","",ROUND(G14/(1+N(H14)),2)) | J14: =IF(G14="","",G14-I14) | K14: =IF(AND(G14<>"",E14="Einnahme",F14<>"USt-Zahllast/-Gutschrift (nicht ergebniswirksam)"),I14,"") | L14: =IF(AND(G14<>"",E14="Ausgabe",F14<>"Anlagenkauf (Abschreibung über Anlagenverzeichnis)",F14<>"USt-Zahllast/-Gutschrift (nicht ergebniswirksam)"),I14,"") | M14: =IF(B14="","",MONTH(B14)) | N14: =IF(B14="","",YEAR(B14))
A15: =IF(B15="","",ROW()-5) | I15: =IF(G15="","",ROUND(G15/(1+N(H15)),2)) | J15: =IF(G15="","",G15-I15) | K15: =IF(AND(G15<>"",E15="Einnahme",F15<>"USt-Zahllast/-Gutschrift (nicht ergebniswirksam)"),I15,"") | L15: =IF(AND(G15<>"",E15="Ausgabe",F15<>"Anlagenkauf (Abschreibung über Anlagenverzeichnis)",F15<>"USt-Zahllast/-Gutschrift (nicht ergebniswirksam)"),I15,"") | M15: =IF(B15="","",MONTH(B15)) | N15: =IF(B15="","",YEAR(B15))
A16: =IF(B16="","",ROW()-5) | I16: =IF(G16="","",ROUND(G16/(1+N(H16)),2)) | J16: =IF(G16="","",G16-I16) | K16: =IF(AND(G16<>"",E16="Einnahme",F16<>"USt-Zahllast/-Gutschrift (nicht ergebniswirksam)"),I16,"") | L16: =IF(AND(G16<>"",E16="Ausgabe",F16<>"Anlagenkauf (Abschreibung über Anlagenverzeichnis)",F16<>"USt-Zahllast/-Gutschrift (nicht ergebniswirksam)"),I16,"") | M16: =IF(B16="","",MONTH(B16)) | N16: =IF(B16="","",YEAR(B16))
A17: =IF(B17="","",ROW()-5) | I17: =IF(G17="","",ROUND(G17/(1+N(H17)),2)) | J17: =IF(G17="","",G17-I17) | K17: =IF(AND(G17<>"",E17="Einnahme",F17<>"USt-Zahllast/-Gutschrift (nicht ergebniswirksam)"),I17,"") | L17: =IF(AND(G17<>"",E17="Ausgabe",F17<>"Anlagenkauf (Abschreibung über Anlagenverzeichnis)",F17<>"USt-Zahllast/-Gutschrift (nicht ergebniswirksam)"),I17,"") | M17: =IF(B17="","",MONTH(B17)) | N17: =IF(B17="","",YEAR(B17))
... A505: =IF(B505="","",ROW()-5) | I505: =IF(G505="","",ROUND(G505/(1+N(H505)),2)) | J505: =IF(G505="","",G505-I505) | K505: =IF(AND(G505<>"",E505="Einnahme",F505<>"USt-Zahllast/-Gutschrift (nicht ergebniswirksam)"),I505,"") | L505: =IF(AND(G505<>"",E505="Ausgabe",F505<>"Anlagenkauf (Abschreibung über Anlagenverzeichnis)",F505<>"USt-Zahllast/-Gutschrift (nicht ergebniswirksam)"),I505,"") | M505: =IF(B505="","",MONTH(B505)) | N505: =IF(B505="","",YEAR(B505))

Sheet Anlagenverzeichnis
A1: Anlagenverzeichnis (abnutzbares Anlagevermögen)
A2: Anlagegüter über 1.000 € netto (GWG bis 1.000 € meist direkt als Ausgabe buchen) · lineare AfA · Kauf bis 30.6. = volle, ab 1.7. = halbe Jahres-AfA im ersten Jahr (WKO-Muster) · Jahr steht in „Auswertung“ C3
H3: Summe AfA im Jahr
H4: =SUM(H6:H55)
A5: Nr. | B5: Bezeichnung | C5: Lieferant (Name, Anschrift) | D5: Anschaffungsdatum | E5: Anschaffungskosten netto | F5: Nutzungsdauer (Jahre) | G5: AfA bis Vorjahr | H5: AfA im gewählten Jahr | I5: Restbuchwert 31.12.
A6: =IF(D6="","",ROW()-5) | G6: =IF(OR(D6="",E6="",N(F6)<=0),"",ROUND(IF((Auswertung!$C$3-1)<YEAR(D6),0,MIN(E6,E6/F6*((Auswertung!$C$3-1)-YEAR(D6)+IF(MONTH(D6)<=6,1,0.5)))),2)) | H6: =IF(OR(D6="",E6="",N(F6)<=0),"",ROUND(IF(Auswertung!$C$3<YEAR(D6),0,MIN(E6,E6/F6*(Auswertung!$C$3-YEAR(D6)+IF(MONTH(D6)<=6,1,0.5))))-G6,2)) | I6: =IF(OR(D6="",E6="",N(F6)<=0),"",IF(YEAR(D6)>Auswertung!$C$3,"",ROUND(E6-G6-H6,2)))
A7: =IF(D7="","",ROW()-5) | G7: =IF(OR(D7="",E7="",N(F7)<=0),"",ROUND(IF((Auswertung!$C$3-1)<YEAR(D7),0,MIN(E7,E7/F7*((Auswertung!$C$3-1)-YEAR(D7)+IF(MONTH(D7)<=6,1,0.5)))),2)) | H7: =IF(OR(D7="",E7="",N(F7)<=0),"",ROUND(IF(Auswertung!$C$3<YEAR(D7),0,MIN(E7,E7/F7*(Auswertung!$C$3-YEAR(D7)+IF(MONTH(D7)<=6,1,0.5))))-G7,2)) | I7: =IF(OR(D7="",E7="",N(F7)<=0),"",IF(YEAR(D7)>Auswertung!$C$3,"",ROUND(E7-G7-H7,2)))
A8: =IF(D8="","",ROW()-5) | G8: =IF(OR(D8="",E8="",N(F8)<=0),"",ROUND(IF((Auswertung!$C$3-1)<YEAR(D8),0,MIN(E8,E8/F8*((Auswertung!$C$3-1)-YEAR(D8)+IF(MONTH(D8)<=6,1,0.5)))),2)) | H8: =IF(OR(D8="",E8="",N(F8)<=0),"",ROUND(IF(Auswertung!$C$3<YEAR(D8),0,MIN(E8,E8/F8*(Auswertung!$C$3-YEAR(D8)+IF(MONTH(D8)<=6,1,0.5))))-G8,2)) | I8: =IF(OR(D8="",E8="",N(F8)<=0),"",IF(YEAR(D8)>Auswertung!$C$3,"",ROUND(E8-G8-H8,2)))
A9: =IF(D9="","",ROW()-5) | G9: =IF(OR(D9="",E9="",N(F9)<=0),"",ROUND(IF((Auswertung!$C$3-1)<YEAR(D9),0,MIN(E9,E9/F9*((Auswertung!$C$3-1)-YEAR(D9)+IF(MONTH(D9)<=6,1,0.5)))),2)) | H9: =IF(OR(D9="",E9="",N(F9)<=0),"",ROUND(IF(Auswertung!$C$3<YEAR(D9),0,MIN(E9,E9/F9*(Auswertung!$C$3-YEAR(D9)+IF(MONTH(D9)<=6,1,0.5))))-G9,2)) | I9: =IF(OR(D9="",E9="",N(F9)<=0),"",IF(YEAR(D9)>Auswertung!$C$3,"",ROUND(E9-G9-H9,2)))
A10: =IF(D10="","",ROW()-5) | G10: =IF(OR(D10="",E10="",N(F10)<=0),"",ROUND(IF((Auswertung!$C$3-1)<YEAR(D10),0,MIN(E10,E10/F10*((Auswertung!$C$3-1)-YEAR(D10)+IF(MONTH(D10)<=6,1,0.5)))),2)) | H10: =IF(OR(D10="",E10="",N(F10)<=0),"",ROUND(IF(Auswertung!$C$3<YEAR(D10),0,MIN(E10,E10/F10*(Auswertung!$C$3-YEAR(D10)+IF(MONTH(D10)<=6,1,0.5))))-G10,2)) | I10: =IF(OR(D10="",E10="",N(F10)<=0),"",IF(YEAR(D10)>Auswertung!$C$3,"",ROUND(E10-G10-H10,2)))
A11: =IF(D11="","",ROW()-5) | G11: =IF(OR(D11="",E11="",N(F11)<=0),"",ROUND(IF((Auswertung!$C$3-1)<YEAR(D11),0,MIN(E11,E11/F11*((Auswertung!$C$3-1)-YEAR(D11)+IF(MONTH(D11)<=6,1,0.5)))),2)) | H11: =IF(OR(D11="",E11="",N(F11)<=0),"",ROUND(IF(Auswertung!$C$3<YEAR(D11),0,MIN(E11,E11/F11*(Auswertung!$C$3-YEAR(D11)+IF(MONTH(D11)<=6,1,0.5))))-G11,2)) | I11: =IF(OR(D11="",E11="",N(F11)<=0),"",IF(YEAR(D11)>Auswertung!$C$3,"",ROUND(E11-G11-H11,2)))
A12: =IF(D12="","",ROW()-5) | G12: =IF(OR(D12="",E12="",N(F12)<=0),"",ROUND(IF((Auswertung!$C$3-1)<YEAR(D12),0,MIN(E12,E12/F12*((Auswertung!$C$3-1)-YEAR(D12)+IF(MONTH(D12)<=6,1,0.5)))),2)) | H12: =IF(OR(D12="",E12="",N(F12)<=0),"",ROUND(IF(Auswertung!$C$3<YEAR(D12),0,MIN(E12,E12/F12*(Auswertung!$C$3-YEAR(D12)+IF(MONTH(D12)<=6,1,0.5))))-G12,2)) | I12: =IF(OR(D12="",E12="",N(F12)<=0),"",IF(YEAR(D12)>Auswertung!$C$3,"",ROUND(E12-G12-H12,2)))
A13: =IF(D13="","",ROW()-5) | G13: =IF(OR(D13="",E13="",N(F13)<=0),"",ROUND(IF((Auswertung!$C$3-1)<YEAR(D13),0,MIN(E13,E13/F13*((Auswertung!$C$3-1)-YEAR(D13)+IF(MONTH(D13)<=6,1,0.5)))),2)) | H13: =IF(OR(D13="",E13="",N(F13)<=0),"",ROUND(IF(Auswertung!$C$3<YEAR(D13),0,MIN(E13,E13/F13*(Auswertung!$C$3-YEAR(D13)+IF(MONTH(D13)<=6,1,0.5))))-G13,2)) | I13: =IF(OR(D13="",E13="",N(F13)<=0),"",IF(YEAR(D13)>Auswertung!$C$3,"",ROUND(E13-G13-H13,2)))
A14: =IF(D14="","",ROW()-5) | G14: =IF(OR(D14="",E14="",N(F14)<=0),"",ROUND(IF((Auswertung!$C$3-1)<YEAR(D14),0,MIN(E14,E14/F14*((Auswertung!$C$3-1)-YEAR(D14)+IF(MONTH(D14)<=6,1,0.5)))),2)) | H14: =IF(OR(D14="",E14="",N(F14)<=0),"",ROUND(IF(Auswertung!$C$3<YEAR(D14),0,MIN(E14,E14/F14*(Auswertung!$C$3-YEAR(D14)+IF(MONTH(D14)<=6,1,0.5))))-G14,2)) | I14: =IF(OR(D14="",E14="",N(F14)<=0),"",IF(YEAR(D14)>Auswertung!$C$3,"",ROUND(E14-G14-H14,2)))
A15: =IF(D15="","",ROW()-5) | G15: =IF(OR(D15="",E15="",N(F15)<=0),"",ROUND(IF((Auswertung!$C$3-1)<YEAR(D15),0,MIN(E15,E15/F15*((Auswertung!$C$3-1)-YEAR(D15)+IF(MONTH(D15)<=6,1,0.5)))),2)) | H15: =IF(OR(D15="",E15="",N(F15)<=0),"",ROUND(IF(Auswertung!$C$3<YEAR(D15),0,MIN(E15,E15/F15*(Auswertung!$C$3-YEAR(D15)+IF(MONTH(D15)<=6,1,0.5))))-G15,2)) | I15: =IF(OR(D15="",E15="",N(F15)<=0),"",IF(YEAR(D15)>Auswertung!$C$3,"",ROUND(E15-G15-H15,2)))
A16: =IF(D16="","",ROW()-5) | G16: =IF(OR(D16="",E16="",N(F16)<=0),"",ROUND(IF((Auswertung!$C$3-1)<YEAR(D16),0,MIN(E16,E16/F16*((Auswertung!$C$3-1)-YEAR(D16)+IF(MONTH(D16)<=6,1,0.5)))),2)) | H16: =IF(OR(D16="",E16="",N(F16)<=0),"",ROUND(IF(Auswertung!$C$3<YEAR(D16),0,MIN(E16,E16/F16*(Auswertung!$C$3-YEAR(D16)+IF(MONTH(D16)<=6,1,0.5))))-G16,2)) | I16: =IF(OR(D16="",E16="",N(F16)<=0),"",IF(YEAR(D16)>Auswertung!$C$3,"",ROUND(E16-G16-H16,2)))
A17: =IF(D17="","",ROW()-5) | G17: =IF(OR(D17="",E17="",N(F17)<=0),"",ROUND(IF((Auswertung!$C$3-1)<YEAR(D17),0,MIN(E17,E17/F17*((Auswertung!$C$3-1)-YEAR(D17)+IF(MONTH(D17)<=6,1,0.5)))),2)) | H17: =IF(OR(D17="",E17="",N(F17)<=0),"",ROUND(IF(Auswertung!$C$3<YEAR(D17),0,MIN(E17,E17/F17*(Auswertung!$C$3-YEAR(D17)+IF(MONTH(D17)<=6,1,0.5))))-G17,2)) | I17: =IF(OR(D17="",E17="",N(F17)<=0),"",IF(YEAR(D17)>Auswertung!$C$3,"",ROUND(E17-G17-H17,2)))
... A55: =IF(D55="","",ROW()-5) | G55: =IF(OR(D55="",E55="",N(F55)<=0),"",ROUND(IF((Auswertung!$C$3-1)<YEAR(D55),0,MIN(E55,E55/F55*((Auswertung!$C$3-1)-YEAR(D55)+IF(MONTH(D55)<=6,1,0.5)))),2)) | H55: =IF(OR(D55="",E55="",N(F55)<=0),"",ROUND(IF(Auswertung!$C$3<YEAR(D55),0,MIN(E55,E55/F55*(Auswertung!$C$3-YEAR(D55)+IF(MONTH(D55)<=6,1,0.5))))-G55,2)) | I55: =IF(OR(D55="",E55="",N(F55)<=0),"",IF(YEAR(D55)>Auswertung!$C$3,"",ROUND(E55-G55-H55,2)))

Sheet Wareneingangsbuch
A1: Wareneingangsbuch
A2: Für Gewerbetreibende: alle Waren, Rohstoffe, Halberzeugnisse, Hilfsstoffe und Zutaten, die du zum Weiterverkauf oder Verarbeiten einkaufst
E3: Summe brutto | F3: Summe Vorsteuer | G3: Summe netto
E4: =SUM(E6:E305) | F4: =SUM(F6:F305) | G4: =SUM(G6:G305)
A5: Lfd. Nr. | B5: Tag des Wareneingangs / der Rechnung | C5: Lieferant (Name, Anschrift) | D5: Bezeichnung der Ware | E5: Rechnungsbetrag brutto | F5: Vorsteuer | G5: Netto | H5: Beleg-Nr.
A6: =IF(B6="","",ROW()-5) | G6: =IF(E6="","",E6-N(F6))
A7: =IF(B7="","",ROW()-5) | G7: =IF(E7="","",E7-N(F7))
A8: =IF(B8="","",ROW()-5) | G8: =IF(E8="","",E8-N(F8))
A9: =IF(B9="","",ROW()-5) | G9: =IF(E9="","",E9-N(F9))
A10: =IF(B10="","",ROW()-5) | G10: =IF(E10="","",E10-N(F10))
A11: =IF(B11="","",ROW()-5) | G11: =IF(E11="","",E11-N(F11))
A12: =IF(B12="","",ROW()-5) | G12: =IF(E12="","",E12-N(F12))
A13: =IF(B13="","",ROW()-5) | G13: =IF(E13="","",E13-N(F13))
A14: =IF(B14="","",ROW()-5) | G14: =IF(E14="","",E14-N(F14))
A15: =IF(B15="","",ROW()-5) | G15: =IF(E15="","",E15-N(F15))
A16: =IF(B16="","",ROW()-5) | G16: =IF(E16="","",E16-N(F16))
A17: =IF(B17="","",ROW()-5) | G17: =IF(E17="","",E17-N(F17))
... A305: =IF(B305="","",ROW()-5) | G305: =IF(E305="","",E305-N(F305))

Sheet Listen
A1: Kategorien | C1: Art | E1: USt-Satz
A2: Erlöse (Waren/Leistungen) | C2: Einnahme | E2: 0.2
A3: Sonstige Betriebseinnahmen (z. B. Eigenverbrauch, netto) | C3: Ausgabe | E3: 0.13
A4: Wareneinkauf / Material | E4: 0.1
A5: Fremdleistungen | E5: 0.049
A6: Personalaufwand | E6: 0
A7: Miete & Betriebskosten
A8: Büro, Software & Kommunikation
A9: Fahrzeug & Reisekosten
A10: Versicherungen & Gebühren
A11: Beratung & Buchhaltung
A12: Werbung & Marketing
A13: Geringwertiges Wirtschaftsgut (bis 1.000 € netto)
A14: Sonstige Betriebsausgaben
A15: Anlagenkauf (Abschreibung über Anlagenverzeichnis)
A16: USt-Zahllast/-Gutschrift (nicht ergebniswirksam)
